 Dungeon Crawl Stone Soup version 0.28-a0-1286-g6bde065e89 (webtiles) character file.

Game seed: 13405851769393826829

4219 browni3141 the Vexing (level 10, 0/76 HPs)
             Began as a Gnoll Arcane Marksman on Dec 26, 2021.
             Was an Initiate of Ashenzari.
             Slain by an orc warrior (12 damage)
             ... on level 8 of the Dungeon on Dec 27, 2021.
             The game lasted 00:22:38 (13926 turns).

browni3141 the Vexing (Gnoll Arcane Marksman)      Turns: 13926, Time: 00:22:39

Health: 0/76       AC: 18    Str:  9    XL:     10   Next: 30%
Magic:  18/18      EV:  6    Int: 16    God:    Ashenzari [......]
Gold:   516        SH:  0    Dex: 17    Spells: 19/20 levels left

rFire   . . .      SeeInvis .   b - +3 whip (elec)
rCold   . . .      Faith    .   (no shield)
rNeg    . . .      Spirit   .   j - +3 chain mail of Indomitability {rElec}
rPois   +          Reflect  .   y - +0 helmet "Sidereal Scepticism" {Int+3, Cun, Range} (curse)
rElec   +          Harm     .   s - +0 cloak
rCorr   .          Rampage  +   (no gloves)
Will    +....                   k - +2 pair of boots {rampage}
Stlth   ..........              H - amulet of magic regeneration
HPRegen 0.22/turn               g - ring of willpower
MPRegen 0.56/turn               O - ring of poison resistance

@: no status effects
A: fangs 1, strong nose, distributed training
a: Renounce Religion, Shatter the Chains


You were on level 8 of the Dungeon.
You worshipped Ashenzari.
Ashenzari was noncommittal.
You visited 2 branches of the dungeon, and saw 9 of its levels.

You collected 516 gold pieces.

Inventory:

Hand Weapons
 a - a +1 hunting sling of freezing
 b - a +3 whip of electrocution (weapon)
 o - a +4 trident
 q - a +0 dagger of holy wrath
 x - a +0 war axe
 A - a +0 falchion
 C - a +0 hand axe
 D - a +0 hunting sling
 G - a +4 great mace
 J - a +1 short sword of venom
Missiles
 c - 45 sling bullets
 w - 127 stones
 z - 15 poisoned darts (quivered)
 B - 2 curare-tipped darts
 F - a throwing net
Armour
 d - a +0 robe
 j - the +3 chain mail of Indomitability (worn) {rElec}
   (You acquired it in the Ecumenical Temple)

   rElec:     It insulates you from electricity.
 k - a +2 pair of boots of rampaging (worn)
 r - a +1 robe of the Archmagi
 s - a +0 cloak (worn)
 y - the cursed +0 helmet "Sidereal Scepticism" (worn) {Int+3, Cun, Range}
   (You acquired it in the Ecumenical Temple)

   It has a curse which improves the following skills: Cunning: Dodging and
   Stealth.
   Ranged Combat: Slings, Bows, Crossbows and Throwing.
Jewellery
 g - a ring of willpower (left hand)
 H - an amulet of magic regeneration (around neck)
 O - a ring of poison resistance (right hand)
Wands
 v - a wand of flame (10)
 N - a wand of mindburst (5)
Scrolls
 e - 4 scrolls of teleportation
 h - 3 scrolls of fog
 m - a scroll of vulnerability
 u - a scroll of silence
 E - 3 scrolls of blinking {unknown}
 I - a scroll of torment {unknown}
Potions
 f - 3 potions of curing
 i - 2 potions of berserk rage {unknown}
 l - 3 potions of brilliance {unknown}
 n - a potion of lignification {unknown}
 p - 2 potions of cancellation {unknown}
 t - 2 potions of heal wounds {unknown}
 K - a potion of haste {unknown}
 L - 2 potions of flight {unknown}
 M - a potion of mutation {unknown}


   Skills:
 + Level 5.8 Fighting
 + Level 5.1 Short Blades
 + Level 5.1 Long Blades
 + Level 5.1 Axes
 + Level 5.1 Maces & Flails
 + Level 5.1 Polearms
 + Level 5.1 Staves
 + Level 7.0(7.5) Slings
 + Level 5.1(5.6) Bows
 + Level 5.1(5.6) Crossbows
 + Level 5.1(5.6) Throwing
 + Level 5.1 Armour
 + Level 7.0(7.5) Dodging
 + Level 5.1(5.6) Stealth
 + Level 5.1 Shields
 + Level 5.1 Unarmed Combat
 + Level 5.9 Spellcasting
 + Level 4.2 Conjurations
 + Level 7.0 Hexes
 + Level 4.2 Summonings
 + Level 4.2 Necromancy
 + Level 4.2 Translocations
 + Level 4.2 Transmutations
 + Level 4.2 Fire Magic
 + Level 4.2 Ice Magic
 + Level 4.2 Air Magic
 + Level 4.2 Earth Magic
 + Level 4.2 Poison Magic
 + Level 5.6 Invocations
 + Level 5.1 Evocations


You had 19 spell levels left.
You knew the following spells:

 Your Spells              Type           Power      Damage    Failure   Level
a - Slow                  Hex            100%       N/A       50%         1

Your spell library contained the following spells:

 Spells                   Type           Power      Damage    Failure   Level
 Freeze                   Ice            72%        1d9       87%         1
 Magic Dart               Conj           72%        1d6       87%         1
 Sandblast                Erth           36%        2d10      87%         1
 Call Imp                 Summ           18%        N/A       95%         2
 Passwall                 Tmut/Erth      15%        N/A       95%         2
 Inner Flame              Hex/Fire       22%        N/A       97%         3
 Portal Projectile        Hex/Tloc       44%        N/A       97%         3
 Frozen Ramparts          Ice            36%        1d5       99%         3
 Mephitic Cloud           Conj/Pois/Air  18%        N/A       99%         3
 Stone Arrow              Conj/Erth      36%        3d9       99%         3
 Cause Fear               Hex            13%        N/A       99%         4
 Hailstorm                Conj/Ice       18%        3d6       100%        4
 Petrify                  Tmut/Erth      18%        N/A       100%        4
 Summon Lightning Spire   Summ/Air       18%        N/A       100%        4
 Irradiate                Conj/Tmut      9%         3d16      100%        5


Dungeon Overview and Level Annotations

Branches:
Dungeon (8/15)             Temple (1/1) D:6
   Lair: D:8-11

Altars:
Ashenzari
Cheibriados
Dithmenos
Fedhas
Gozag
Hepliaklqana
Kikubaaqudgha
Makhleb
Nemelex Xobeh
Qazlal
Ru
Sif Muna
Trog
Uskayaw
Vehumet
Wu Jian
Xom
Yredelemnul

Shops:
D:5 *!*

Annotations:
D:3 3 runed translucent doors, Clumpoid's ghost, amateur GnFi
D:5 1 runed translucent door, Crazy Yiuf


Innate Abilities, Weirdness & Mutations

You have very sharp teeth.
Your uncanny sense of smell can sniff out nearby items.
Your experience applies equally to all skills.


Message History

You barely miss the orc warrior.
You kill the orc priest!
The orc warrior hits you but does no damage.
The orc hits you but does no damage.
Unknown command.
You hit the orc warrior.
You bite the orc warrior, but do no damage.
The orc warrior is lightly wounded.
Unknown command.
You closely miss the orc warrior.
You bite the orc warrior, but do no damage.
The orc warrior is lightly wounded.
The orc barely misses you.
You closely miss the orc warrior.
The orc warrior is lightly wounded.
The orc warrior hits you but does no damage.
The orc hits you but does no damage. The orc barely misses you.
You closely miss the orc. Your bite misses the orc.
The orc warrior hits you with a +3 vorpal mace!
An orc priest comes into view. It is wielding a +0 war axe.
The orc hits you but does no damage. x2
Unknown command.
The orc priest shouts!
The orc warrior hits you with a +3 vorpal mace!
The orc hits you but does no damage.
The orc warrior hits you but does no damage.
The orc hits you with a +0 flail.
The orc priest looks braver for a moment.
There is a hide-covered altar of Uskayaw here.
The orc priest invokes the aid of Beogh against you.
Beogh smites you!
* * * LOW HITPOINT WARNING * * *
The orc sings a few bars from the Orcish anthem.
The orc priest invokes the aid of Beogh against you.
Beogh smites you!
* * * LOW HITPOINT WARNING * * *
Found a cloak.
There is a stone staircase leading up here.
The orc warrior hits you with a +3 vorpal mace!
You die...

#.....#...##
........#..# ......##รท.
.......... .
##########+###..##.. ...
#...............#..#
..[.#.................##
....'...)...............
#..@ooo.5o..........
#...................
#(.....)............
#...................
#######.....###+####
#.....# #.....# #.....#
#.....#


You could see an orc warrior, an orc priest, a shadow imp and 2 orcs.

Vanquished Creatures
  Pikel (D:4)
  Sigmund (D:4)
  A wyvern (D:7)
  Eustachio (D:4)
  5 yaks
  Duvessa (D:5)
  A water moccasin (D:8)
  2 ice beasts
  2 black bears (D:7)
  An orc warrior (D:6)
  5 ogres
  A centaur (D:8)
  A phantom (D:6)
  2 bullfrogs (D:7)
  A gnoll sergeant (D:7)
  A scorpion (D:6)
  A water moccasin skeleton (D:5)
  Dowan (D:5)
  6 killer bees (D:8)
  2 howler monkeys
  2 centaur zombies
  A gnoll shaman (D:7)
  3 orc priests
  4 hounds
  3 orc wizards
  14 gnolls
  6 adders
  An ufetubus (D:5)
  An adder skeleton (D:5)
  An adder zombie (D:5)
  A worm (D:4)
  A dart slug (D:3)
  27 orcs
  5 ball pythons
  8 endoplasms
  9 giant cockroaches
  7 goblins
  7 hobgoblins
  8 jackals
  5 quokkas
  6 bats
  4 frilled lizards
  8 kobolds
  5 rats
174 creatures vanquished.

Vanquished Creatures (others)
  2 fungi (D:5)
2 creatures vanquished.

Grand Total: 176 creatures vanquished

Notes
Turn   | Place    | Note
-------+----------+-------------------------------------------
     0 | D:1      | browni3141 the Gnoll Arcane Marksman began the quest for
                  | the Orb.
     0 | D:1      | Reached XP level 1. HP: 17/17 MP: 4/4
    42 | D:1      | Reached XP level 2. HP: 19/23 MP: 5/5
   429 | D:1      | Found a faded altar of an unknown god.
   718 | D:1      | Reached XP level 3. HP: 28/28 MP: 7/7
  1072 | D:2      | Reached skill level 1 in Invocations
  1469 | D:2      | Reached skill level 1 in Short Blades
  1469 | D:2      | Reached skill level 1 in Long Blades
  1469 | D:2      | Reached skill level 1 in Axes
  1469 | D:2      | Reached skill level 1 in Maces & Flails
  1469 | D:2      | Reached skill level 1 in Polearms
  1469 | D:2      | Reached skill level 1 in Staves
  1469 | D:2      | Reached skill level 1 in Bows
  1469 | D:2      | Reached skill level 1 in Crossbows
  1469 | D:2      | Reached skill level 1 in Throwing
  1469 | D:2      | Reached skill level 1 in Armour
  1469 | D:2      | Reached skill level 1 in Stealth
  1469 | D:2      | Reached skill level 1 in Shields
  1469 | D:2      | Reached skill level 1 in Unarmed Combat
  1469 | D:2      | Reached skill level 1 in Evocations
  1784 | D:3      | Reached XP level 4. HP: 34/34 MP: 6/8
  2543 | D:2      | Reached skill level 1 in Conjurations
  2543 | D:2      | Reached skill level 1 in Summonings
  2543 | D:2      | Reached skill level 1 in Necromancy
  2543 | D:2      | Reached skill level 1 in Translocations
  2543 | D:2      | Reached skill level 1 in Transmutations
  2543 | D:2      | Reached skill level 1 in Fire Magic
  2543 | D:2      | Reached skill level 1 in Ice Magic
  2543 | D:2      | Reached skill level 1 in Air Magic
  2543 | D:2      | Reached skill level 1 in Earth Magic
  2543 | D:2      | Reached skill level 1 in Poison Magic
  2624 | D:3      | Found a runed translucent gate.
  2624 | D:3      | Found a runed translucent gate.
  2624 | D:3      | Found a runed translucent gate.
  2857 | D:3      | Reached XP level 5. HP: 30/40 MP: 7/9
  3136 | D:3      | Noticed Clumpoid's ghost (amateur GnFi)
  3763 | D:4      | Found an ancient bone altar of Kikubaaqudgha.
  3771 | D:4      | Found a hazy altar of Hepliaklqana.
  4044 | D:4      | Noticed Eustachio
  4053 | D:4      | Noticed Sigmund
  4325 | D:4      | Noticed an ogre
  4364 | D:4      | Killed an ogre
  4365 | D:4      | Reached XP level 6. HP: 47/47 MP: 9/11
  5220 | D:3      | Reached skill level 5 in Slings
  5220 | D:3      | Reached skill level 5 in Dodging
  5545 | D:4      | HP: 1/44 [river rat[Eustachio] (2)]
  5548 | D:4      | Killed Eustachio
  5549 | D:4      | Reached XP level 7. HP: 2/52 MP: 12/12
  5983 | D:4      | Killed Sigmund
  6356 | D:5      | Entered Level 5 of the Dungeon
  6356 | D:5      | Noticed Duvessa
  6356 | D:5      | Noticed Dowan
  6442 | D:5      | Noticed Pikel
  6473 | D:5      | Found a snail-covered altar of Cheibriados.
  6473 | D:5      | Found a radiant altar of Vehumet.
  6501 | D:5      | Found Duheb's Assorted Antiques.
  6564 | D:5      | Noticed a yak
  6566 | D:5      | Noticed a yak
  6566 | D:5      | Noticed a yak
  6985 | D:4      | Killed Pikel
  6986 | D:4      | Reached XP level 8. HP: 60/60 MP: 12/14
  7054 | D:5      | HP: 1/60 [Duvessa (10)]
  7342 | D:5      | Noticed a yak
  7342 | D:5      | Noticed a yak
  7358 | D:4      | Killed a yak
  7825 | D:5      | Killed a yak
  8559 | D:4      | Killed a yak
  8560 | D:4      | Reached XP level 9. HP: 57/66 MP: 13/16
  8677 | D:5      | Found Liusul's Distillery.
  8705 | D:5      | Killed Duvessa
  8867 | D:5      | Killed Dowan
  8955 | D:5      | Found Nivout's Assorted Antiques.
  9025 | D:4      | Reached skill level 5 in Spellcasting
  9156 | D:4      | Reached skill level 5 in Fighting
  9593 | D:5      | Found a runed translucent door.
  9594 | D:5      | Noticed Crazy Yiuf
 10656 | D:6      | Identified 4 scrolls of acquirement
 10727 | D:6      | Found a staircase to the Ecumenical Temple.
 10748 | Temple   | Entered the Ecumenical Temple
 10983 | Temple   | Acquired the +3 chain mail of Indomitability {rElec}
 10995 | Temple   | Acquired a +2 pair of boots of rampaging
 11002 | Temple   | Acquired an amulet of magic regeneration
 11010 | Temple   | Acquired a +0 helmet of intelligence
 11017 | Temple   | Became a worshipper of Ashenzari the Shackled
 11112 | D:6      | Reached skill level 5 in Invocations
 11861 | D:6      | Got Viuvvuti's Handbook of the Mutagenic Entourage
 12622 | D:7      | Reached XP level 10. HP: 41/74 MP: 18/18
 13245 | D:7      | Reached skill level 5 in Short Blades
 13245 | D:7      | Reached skill level 5 in Long Blades
 13245 | D:7      | Reached skill level 5 in Axes
 13245 | D:7      | Reached skill level 5 in Maces & Flails
 13245 | D:7      | Reached skill level 5 in Polearms
 13245 | D:7      | Reached skill level 5 in Staves
 13245 | D:7      | Reached skill level 5 in Bows
 13245 | D:7      | Reached skill level 5 in Crossbows
 13245 | D:7      | Reached skill level 5 in Throwing
 13245 | D:7      | Reached skill level 5 in Armour
 13245 | D:7      | Reached skill level 5 in Stealth
 13245 | D:7      | Reached skill level 5 in Shields
 13245 | D:7      | Reached skill level 5 in Unarmed Combat
 13245 | D:7      | Reached skill level 5 in Evocations
 13531 | D:8      | Found a hide-covered altar of Uskayaw.
 13926 | D:8      | Slain by an orc warrior

Illustrated notes

Levels and vault maps discovered:
D:1:      minmay_arrival_solitary_statue, layout_basic,
          hellmonk_ecumenical_altar_arch_garden
D:2:      layout_rooms, minmay_misc_feat_doors
D:3:      layout_basic, gammafunk_ghost_necromancy
D:4:      layout_rooms, mainiacjoe_overflow_large_starburst,
          roderic_st_hans_cross, uniq_sigmund, uniq_eustachio
D:5:      layout_rooms, gammafunk_temple_overflow_pools, serial_shops,
          nicolae_take_the_stairs, nicolae_shop_overgrown_old_shop, shop,
          gup_sewer_entry_pipe, serial_park_tiny_pond, uniq_crazy_yiuf_cottage,
          uniq_duvessa, uniq_pikel
D:6:      layout_basic, temple_fountains, hangedman_abyss_or_decor_stagger
D:7:      layout_basic
D:8:      layout_gridville, good_gods_temple_1,
          mainiacjoe_overflow_small_starburst, uniq_gastronok
Temple:   nicolae_temple_figure_eight

Skill      XL: |  1  2  3  4  5  6  7  8  9 10 |
---------------+-------------------------------+-----
Invocations    | 1 2 3 4 5 |  5.6
Short Blades   | 1 2 3 4 5 |  5.1
Long Blades    | 1 2 3 4 5 |  5.1
Axes           | 1 2 3 4 5 |  5.1
Maces & Flails | 1 2 3 4 5 |  5.1
Polearms       | 1 2 3 4 5 |  5.1
Staves         | 1 2 3 4 5 |  5.1
Bows           | 1 2 3 4 5 |  5.1
Crossbows      | 1 2 3 4 5 |  5.1
Throwing       | 1 2 3 4 5 |  5.1
Armour         | 1 2 3 4 5 |  5.1
Stealth        | 1 2 3 4 5 |  5.1
Shields        | 1 2 3 4 5 |  5.1
Unarmed Combat | 1 2 3 4 5 |  5.1
Evocations     | 1 2 3 4 5 |  5.1
Spellcasting   | 3 4 5 |  5.9
Conjurations   | 1 2 3 4 |  4.2
Summonings     | 1 2 3 4 |  4.2
Necromancy     | 1 2 3 4 |  4.2
Translocations | 1 2 3 4 |  4.2
Transmutations | 1 2 3 4 |  4.2
Fire Magic     | 1 2 3 4 |  4.2
Ice Magic      | 1 2 3 4 |  4.2
Air Magic      | 1 2 3 4 |  4.2
Earth Magic    | 1 2 3 4 |  4.2
Poison Magic   | 1 2 3 4 |  4.2
Fighting       | 3 4 5 |  5.8
Slings         | 5 6 7 |  7.0
Dodging        | 5 6 7 |  7.0
Hexes          | 6 7 |  7.0

Action                   |  1- 3 |  4- 6 |  7- 9 | 10-12 || total
-------------------------+-------+-------+-------+-------++-------
Melee: Hand axe          |       |    66 |    15 |       ||    81
       Bite              |       |     8 |    52 |    17 ||    77
       Trident           |       |       |    29 |       ||    29
       Dagger            |       |       |     2 |       ||     2
       Whip              |       |       |   372 |   101 ||   473
       Punch             |       |       |     8 |     3 ||    11
 Fire: Hunting sling     |   179 |   227 |    30 |       ||   436
Throw: Dart              |       |     1 |    62 |    10 ||    73
       Throwing net      |       |       |     1 |       ||     1
 Cast: Slow              |     4 |    17 |    32 |       ||    53
Invok: Curse Item        |       |       |       |     1 ||     1
  Use: Potion            |       |       |     1 |       ||     1
       Scroll            |       |       |    10 |       ||    10
 Stab: Sleeping          |       |       |     2 |       ||     2
Armor: Robe              |     9 |    46 |    42 |       ||    97
       Chain mail        |       |       |   101 |    97 ||   198
Dodge: Dodged            |    53 |   168 |   242 |    45 ||   508

Table legend: (Time is in decaauts)
 A = Elapsed time spent in this place.
 B = Non-inter-level travel time spent in this place.
 C = Inter-level travel time spent in this place.
 D = Time resting spent in this place.
 E = Time spent auto-exploring this place.
 F = Levels seen in this place.
 G = Mean time per level.
                   A        B        C        D        E       F      G
               +--------+--------+--------+--------+--------+-----+--------+
         Total |  13894 |  13281 |    613 |   3788 |   7029 |   9 | 1543.8 |
       Dungeon |  13593 |  13037 |    556 |   3788 |   6822 |   8 | 1699.1 |
        Temple |    300 |    243 |     57 |      0 |    207 |   1 |  300.0 |
               +--------+--------+--------+--------+--------+-----+--------+

Top non-repeatable levels by time:
     D:3: 3313 daAuts
     D:4: 3265 daAuts
     D:5: 1822 daAuts
     D:6: 1634 daAuts
     D:7: 1150 daAuts
     D:2: 1098 daAuts
     D:1: 908 daAuts
     D:8: 400 daAuts
  Temple: 300 daAuts
